 Dungeon Crawl Stone Soup version 0.24.0-13-gcf9b3192b9 (webtiles) character file.

Game seed: 3834912154597288473, levelgen mode: deterministic

287 Arum the Shield-Bearer (level 6, -2/51 HPs)
             Began as a Formicid Fighter on Nov 9, 2019.
             Slain by an iron imp (7 damage)
             ... summoned by Eustachio
             ... on level 4 of the Dungeon.
             The game lasted 00:04:58 (3149 turns).

Arum the Shield-Bearer (Formicid Fighter)           Turns: 3149, Time: 00:04:59

Health: -2/51      AC:  6    Str: 20    XL:     6   Next: 56%
Magic:  6/6        EV:  8    Int:  6    God:
Gold:   169        SH: 10    Dex: 12    Spells: 5/5 levels left

rFire    . . .     SeeInvis +   s - +0 hand axe
rCold    . . .     Gourm    .   c - +0 shield
rNeg     . . .     Faith    .   b - +0 scale mail
rPois    +         Spirit   .   (helmet unavailable)
rElec    .         Reflect  .   (no cloak)
rCorr    .         Harm     .   (no gloves)
MR       .....                  (no boots)
Stlth    ..........             (no amulet)
HPRegen  0.17/turn              k - ring of poison resistance
MPRegen  0.10/turn              y - -2 ring of intelligence (curse)

@: no status effects
A: permanent stasis, dig shafts and tunnels, four strong arms, antennae 3
a: Dig, Shaft Self


You were on level 4 of the Dungeon.
You were not hungry.

You visited 1 branch of the dungeon, and saw 4 of its levels.

You collected 169 gold pieces.

Inventory:

Hand Weapons
 a - a +0 war axe
 s - a +0 hand axe (weapon)
Armour
 b - a +0 scale mail (worn)
 c - a +0 shield (worn)
Jewellery
 k - a ring of poison resistance (left hand)
 u - an uncursed ring of resist corrosion
 y - a cursed -2 ring of intelligence (right hand)
Scrolls
 e - a scroll of teleportation {unknown}
 g - 2 scrolls of enchant armour {unknown}
 h - 3 scrolls of enchant weapon {unknown}
 j - a scroll of fear {unknown}
 m - 3 scrolls of magic mapping {unknown}
 o - 3 scrolls of identify {unknown}
 p - a scroll of random uselessness {unknown}
 r - 3 scrolls of immolation {unknown}
 w - a scroll of remove curse {unknown}
 z - a scroll of fog {unknown}
Potions
 d - a potion of might
 i - 2 potions of flight {unknown}
 l - a potion of haste {unknown}
 n - a potion of berserk rage {unknown}
 q - a potion of curing {unknown}
 t - a potion of resistance {unknown}
 v - a potion of lignification {unknown}
Comestibles
 f - 5 rations


   Skills:
 + Level 5.0 Fighting
 + Level 4.0 Axes
 - Level 3.2 Armour
 + Level 5.6 Shields


You had 5 spell levels left.
You didn't know any spells.
Your spell library was empty.

Dungeon Overview and Level Annotations

Branches:
Dungeon (4/15)
 Temple: D:4-7

Altars:
Trog
Uskayaw

Annotations:
D:4 Eustachio


Innate Abilities, Weirdness & Mutations

You cannot be hasted, slowed, berserked, paralysed or teleported.
You can dig through walls and to a lower floor.
Your four strong arms can wield two-handed weapons with a shield.
You have a pair of large antennae on your head. (SInv)


Message History

The iron imp is moderately wounded.
The iron imp hits you.
* * * LOW HITPOINT WARNING * * *
You barely miss the iron imp.
The iron imp is moderately wounded.
You block the iron imp's attack.
You hit the iron imp.
The iron imp is severely wounded.
The iron imp hits you.
* * * LOW HITPOINT WARNING * * *
You hit the iron imp.
The iron imp is severely wounded.
The iron imp barely misses you.
You completely miss the iron imp.
The iron imp is severely wounded.
The iron imp barely misses you.
You hit the iron imp.
The iron imp is almost dead.
The iron imp hits you!
You die...

#.#
#############.#
............)..
.###.##...###.####
..........# #.##@#
###.####..###.#5##
# ### ##+.##.##{##
# #..#.....#. # {{
#..'...){(.... #
+..#####.#.### #
#...{# .#.{. .
........ .. ..#
........ ### ...


You could see an iron imp.

Vanquished Creatures
  An orc priest (D:3)
  A hound (D:4)
  An orc wizard (D:3)
  Jessica (D:2)
  3 adders
  An ooze (D:1)
  2 worms (D:2)
  6 dart slugs
  4 leopard geckos
  18 orcs
  12 bats
  3 giant cockroaches (D:1)
  14 goblins
  9 hobgoblins
  2 jackals (D:1)
  12 kobolds
  A quokka (D:3)
  A ball python (D:3)
  4 frilled lizards
  13 rats
109 creatures vanquished.

Notes
Turn   | Place    | Note
-------+----------+-------------------------------------------
     0 | D:1      | Arum the Formicid Fighter began the quest for the Orb.
     0 | D:1      | Reached XP level 1. HP: 18/18 MP: 1/1
   114 | D:1      | Reached XP level 2. HP: 24/24 MP: 2/2
   186 | D:1      | Reached XP level 3. HP: 28/30 MP: 3/3
   597 | D:2      | Reached XP level 4. HP: 32/37 MP: 4/4
   770 | D:2      | Found a hide-covered altar of Uskayaw.
  1003 | D:2      | Noticed Jessica
  1011 | D:2      | Killed Jessica
  1011 | D:2      | Reached XP level 5. HP: 21/42 MP: 5/5
  2082 | D:3      | Reached skill level 5 in Shields
  2440 | D:3      | Reached XP level 6. HP: 49/49 MP: 6/6
  2571 | D:3      | Found a bloodstained altar of Trog.
  2869 | D:3      | Reached skill level 5 in Fighting
  3077 | D:4      | Noticed Eustachio
  3149 | D:4      | Slain by an iron imp

Levels and vault maps discovered:
D:1:      psy_arrival_terrarium, layout_loops_ring
D:2:      minmay_skewed_foursquare, layout_basic,
          eat_drink_and_be_merry_uskayaw, uniq_jessica
D:3:      layout_loops_corners, trog_hazing_becter
D:4:      layout_basic, gup_sewer_entry_bowl, first_ration,
          minmay_misc_feat_iff, uniq_eustachio, uniq_natasha

Skill      XL: |  1  2  3  4  5  6 |
---------------+-------------------+-----
Shields        | 4 5 |  5.6
Fighting       | 4 5 |  5.0
Axes           | 3 4 |  4.0
Armour         | |  3.2

Action                   |  1- 3 |  4- 6 || total
-------------------------+-------+-------++-------
Melee: War axe           |    73 |    35 ||   108
       Hand axe          |       |   279 ||   279
 Abil: Dig               |       |     1 ||     1
  Eat: Chunk             |       |     8 ||     8
Armor: Scale mail        |    21 |   108 ||   129
Dodge: Dodged            |    30 |   112 ||   142
Block: Shield            |    42 |   170 ||   212
